 Dungeon Crawl Stone Soup version 0.31.0-32-g396128a36d (webtiles) character file.

Game seed: 10046434782457226520

828 Finalfun the Cleaver (level 7, -4/59 HPs)
             Began as a Minotaur Monk on Mar 24, 2024.
             Slain by Duvessa
             ... wielding a +0 short sword
              (9 damage)
             ... on level 4 of the Dungeon.
             The game lasted 00:06:52 (3290 turns).

Finalfun the Cleaver (Minotaur Monk)                Turns: 3290, Time: 00:06:52

Health: -4/59      AC:  7    Str: 18    XL:     7   Next: 64%
Magic:  6/6        EV: 12    Int:  7    God:
Gold:   247        SH:  0    Dex: 12    Spells: 6/6 levels left

rFire   . . .        a - +0 hand axe
rCold   . . .        d - orb {light}
rNeg    . . .        m - +0 ring mail
rPois   .            (helmet restricted)
rElec   .            l - +0 cloak
rCorr   +            (no gloves)
SInv    .            (no boots)
Will    +....        (no amulet)
Stlth   +            s - ring of resist corrosion
HPRegen 0.29/turn    n - ring of willpower
MPRegen 0.10/turn

%: no passive effects
@: glowing
A: horns 2, retaliatory headbutt
a: no special abilities


You were on level 4 of the Dungeon.
You visited 1 branch of the dungeon, and saw 4 of its levels.
You also visited: Ossuary.

You collected 247 gold pieces.

Inventory:

Hand Weapons
 a - a +0 hand axe (weapon)
Armour
 d - an orb of light (worn)
 l - a +0 cloak (worn)
 m - a +0 ring mail (worn)
Jewellery
 f - a ring of protection from fire
 n - a ring of willpower (right hand)
 p - a ring of ice
 s - a ring of resist corrosion (left hand)
 y - an amulet of magic regeneration
Talismans
 h - a dragon-blood talisman
Wands
 b - a wand of flame (4)
Scrolls
 e - a scroll of fog {unknown}
 g - 6 scrolls of teleportation {unknown}
 i - 5 scrolls of identify {unknown}
 k - a scroll of blinking {unknown}
 r - a scroll of silence {unknown}
 w - 3 scrolls of vulnerability {unknown}
 x - 2 scrolls of fear {unknown}
Potions
 c - 3 potions of ambrosia
 j - a potion of berserk rage {unknown}
 o - 2 potions of enlightenment {unknown}
 q - a potion of curing {unknown}
 t - 2 potions of heal wounds {unknown}
 u - 2 potions of degeneration {unknown}
 v - a potion of attraction {unknown}
 z - a potion of brilliance {unknown}


   Skills:
 - Level 4.0 Fighting
 + Level 9.1 Axes
 + Level 5.1 Armour
 - Level 3.6 Dodging
 + Level 0.7 Stealth


You had 6 spell levels left.
You didn't know any spells.
Your spell library contained the following spells:

 Spells                   Type           Power      Damage    Failure   Level
 Magic Dart               Conj           0%         1d3       61%         1
 Blink                    Tloc           0%         N/A       75%         2
 Call Imp                 Summ           0%         N/A       75%         2
 Lesser Beckoning         Tloc           0%         N/A       75%         2
 Dazzling Flash           Conj/Hex       0%         N/A       93%         3
 Gell's Gravitas          Tloc           0%         N/A       93%         3
 Mephitic Cloud           Conj/Alch/Air  0%         N/A       93%         3
 Teleport Other           Tloc           0%         N/A       93%         3
 Volatile Blastmotes      Fire/Tloc      0%         2d10      93%         3
 Fulminant Prism          Conj/Alch      0%         3d5       100%        4
 Iskenderun's Mystic Bla  Conj/Tloc      0%         2d3       100%        4
 Curse of Agony           Necr           0%         N/A       100%        5
 Silence                  Hex/Air        0%         N/A       100%        5
 Dispersal                Tloc           0%         N/A       100%        6


Dungeon Overview and Level Annotations

Branches:
Dungeon (4/15)            Ossuary (visited)
 Temple: D:4-7

Altars:
Elyvilon
Okawaru
Ru

Shops:
D:1 ?

Annotations:
D:4 Duvessa


Innate Abilities, Weirdness & Mutations

You have a pair of horns on your head.
You reflexively headbutt those who attack you in melee.


Message History

Dowan is severely wounded.
You hit Duvessa but do no damage. Duvessa hits you but does no damage.
Dowan says, "My weaknesses are her strengths!"
Dowan hits you with a +0 dagger.
A goblin comes into view. It is wielding a +0 dagger.
You hit Dowan.
Dowan is severely wounded.
You hit Duvessa. Duvessa closely misses you. Dowan hits you with a +0 dagger.
You hit Dowan.
Dowan is severely wounded.
You hit Duvessa. Duvessa hits you with a +0 short sword!
Dowan closely misses you. You furiously retaliate!
You headbutt Dowan. You hit Dowan.
You kill Dowan!
Duvessa screams in rage.
Duvessa goes berserk!
You hit Duvessa. Duvessa closely misses you.
The goblin unwields a +0 dagger.
The goblin wields a +0 sling.
The goblin shoots a sling bullet.
The sling bullet hits you but does no damage.
Your life force feels restored.
Your Axes skill increases to level 9!
You hit Duvessa. You headbutt Duvessa, but do no damage.
Duvessa is heavily wounded.
Duvessa completely misses you. You furiously retaliate!
You headbutt Duvessa! Duvessa barely misses you.
The goblin shoots a sling bullet.
The sling bullet barely misses you.
You hit Duvessa.
Duvessa is almost dead.
Duvessa hits you with a +0 short sword!
You hit Duvessa but do no damage. You headbutt Duvessa.
Duvessa is almost dead.
Duvessa hits you with a +0 short sword.
The goblin shoots a sling bullet.
The sling bullet barely misses you.
Unknown command.
You completely miss Duvessa.
Duvessa is almost dead.
Duvessa hits you with a +0 short sword!
* * * LOW HITPOINT WARNING * * *
Duvessa hits you with a +0 short sword!
You die...

###### ## .#...# ...
.#...# ... ##...# ##
#####g## ##...##
##.##......# ......#
#...#......# ......#
#...'.)....#
################@e....#
#....................##
#.......†............#
'....................#
#....................#
.....###'#....####....#
.....#...#....# ....#
.....#...'....# ....#
.....#####....# ....#


You could see Duvessa (berserk) and a goblin.

Vanquished Creatures
  An elf zombie (Ossuary)
  A scorpion (D:4)
  Dowan (D:4)
  2 human zombies (Ossuary)
  3 hounds (D:4)
  2 jellies (D:4)
  4 bombardier beetles
  3 orc wizards (D:4)
  4 mummies (Ossuary)
  Robin (D:2)
  4 gnolls (D:3)
  4 adders
  2 adder zombies (Ossuary)
  5 dart slugs
  2 ribbon worms (D:2)
  6 orcs
  5 endoplasms
  2 giant cockroaches
  8 hobgoblins
  A jackal (D:4)
  7 kobolds
  A quokka (D:1)
  8 ball pythons
  4 bats
  5 frilled lizards
  15 goblins
  A goblin zombie (Ossuary)
  A hobgoblin zombie (Ossuary)
  A jackal zombie (Ossuary)
  2 kobold zombies (Ossuary)
  2 orc zombies (Ossuary)
  8 rats
116 creatures vanquished.

Notes
Turn   | Place    | Note
-------+----------+-------------------------------------------
     0 | D:1      | Finalfun the Minotaur Monk began the quest for the Orb.
     0 | D:1      | Reached XP level 1. HP: 19/19 MP: 0/0
    63 | D:1      | Found Weini's Magic Scroll Boutique.
   129 | D:1      | Reached XP level 2. HP: 27/27 MP: 1/1
   224 | D:1      | Reached skill level 4 in Axes
   674 | D:2      | Noticed Robin
   689 | D:2      | Killed Robin
   690 | D:2      | Reached XP level 3. HP: 26/33 MP: 2/2
  1064 | D:2      | Found an iron altar of Okawaru.
  1092 | D:2      | Reached skill level 5 in Axes
  1349 | D:3      | Reached XP level 4. HP: 40/40 MP: 3/3
  1421 | D:3      | Reached skill level 1 in Armour
  1620 | D:3      | Reached skill level 6 in Axes
  1620 | D:3      | Reached XP level 5. HP: 28/46 MP: 4/4
  1904 | D:3      | Found a white marble altar of Elyvilon.
  2173 | D:4      | Reached skill level 7 in Axes
  2173 | D:4      | Reached XP level 6. HP: 33/52 MP: 5/5
  2284 | D:4      | Found a sand-covered staircase.
  2289 | Ossuary  | Entered an ossuary
  2455 | Ossuary  | Reached skill level 8 in Axes
  2519 | Ossuary  | Reached XP level 7. HP: 50/59 MP: 6/6
  3143 | D:4      | Found a sacrificial altar of Ru.
  3263 | D:4      | Reached skill level 5 in Armour
  3273 | D:4      | Noticed Duvessa
  3274 | D:4      | Noticed Dowan
  3286 | D:4      | Killed Dowan
  3287 | D:4      | Reached skill level 9 in Axes
  3290 | D:4      | Slain by Duvessa

Illustrated notes

Levels and vault maps discovered:
D:1:      scummos_arrival_forest, layout_basic, serial_shops, shop,
          chequers_avenue, fountainhead, hangedman_decor_push,
          hangedman_abyss_or_decor_lesser_grid, minmay_box_of_dots
D:2:      layout_loops_ring, basic_altar, minmay_unequal, uniq_robin
D:3:      layout_rooms, marbit_many_paths
D:4:      cheibrodos_barr_body, layout_gridville,
          mainiacjoe_overflow_six_doors_small, enter_ossuary_2, uniq_duvessa

Skill      XL: |  1  2  3  4  5  6  7 |
---------------+----------------------+-----
Fighting       | 4 |  4.0
Axes           | 4 5 6 7 8 9 |  9.1
Armour         | 1 3 4 5 |  5.1
Dodging        | |  3.6
Stealth        | |  0.7

Action                     |  1- 3 |  4- 6 |  7- 9 || total
---------------------------+-------+-------+-------++-------
  Melee: Hand axe          |    92 |   113 |    68 ||   273
         Headbutt          |    14 |    33 |    19 ||    66
 Armour: Robe              |    11 |       |       ||    11
         Ring mail         |    31 |    59 |    33 ||   123
  Dodge: Dodged            |    40 |    69 |    34 ||   143
